AoeStats
← Zé Gui

Nomad

510193946Analyzed
4v4 RM · 1d ago on Sep 29, 2026· 80m 38s· 8 players
Game mode
Random Map
Map size
231×231
Population
200
Speed
Normal
Resources
Standard
Victory
Conquest
Starting age
Dark Age
Ending age
Imperial Age
RankedLock teamsTeams togetherTeam positionsShared explorationLock speedFull tech treeHidden civsTurbo modeCheats
Victory
Defeat
🇦🇹 Berbers · Austria
1193
+18
🇦🇷 Franks · Argentina
1189
+18
🇵🇪 Sicilians · Peru
1133
+20
🇨🇱 Danes · Chile
1124
+20
🇨🇴 Bengalis · Colombia
1255
-21
🇦🇷 Burgundians · Argentina
1244
-20
🇦🇷 Italians · Argentina
1232
-19
🇵🇹 Franks · Portugal
1162
-16
KZA
4:29 Loom
13:05 Feudal Age
16:51 Double-Bit Axe
21:07 Castle Age
20:26 Scale Barding Armor
20:32 Forging
32:56 Husbandry
34:33 Chain Barding Armor
34:48 Iron Casting
35:36 Iron Casting
40:42 Imperial Age
39:44 Wheelbarrow
40:51 Cavalier
42:13 Plate Barding Armor
42:38 Blast Furnace
43:15 Cavalier
44:57 Blast Furnace
45:21 Paladin
46:00 Light Cavalry
64:41 Pikeman
65:23 Squires
65:24 Scale Mail Armor
65:25 Halberdier
73:26 Town Watch
76:09 Bow Saw
ReverbMate
5:39 Loom
15:51 Feudal Age
16:20 Double-Bit Axe
17:02 Fishing Lines
18:53 Wheelbarrow
21:22 Town Watch
24:40 Castle Age
22:37 Fletching
24:18 Forging
25:12 Pikeman
26:31 Horse Collar
26:44 Gold Mining
27:05 Bow Saw
27:05 Bodkin Arrow
26:47 Light Cavalry
28:55 Iron Casting
28:42 Scale Mail Armor
28:36 Gillnets
33:43 Gold Shaft Mining
33:01 Stone Mining
34:19 Chain Mail Armor
36:31 Bloodlines
37:24 Husbandry
38:07 Scale Barding Armor
40:07 Padded Archer Armor
39:59 Horse Collar
40:39 Hand Cart
41:43 Leather Archer Armor
41:07 Elite Skirmisher
45:02 Murder Holes
49:49 Imperial Age
48:17 Ballistics
48:30 Chain Barding Armor
48:39 Heavy Plow
50:14 Town Patrol
54:25 Chemistry
54:49 Bracer
65:31 Hauberk
66:12 Plate Barding Armor
67:15 Crop Rotation
69:01 Blast Furnace
67:36 Capped Ram
68:36 Masonry
68:40 Arrowslits
70:36 Siege Engineers
71:12 Cranequins
74:50 Heavy Mounted Crossbowman
80:39 Conscription
80:55 Hoardings
Huntarof
5:23 Loom
12:47 Feudal Age
19:06 Castle Age
17:00 Fishing Lines
17:15 Fletching
18:45 Double-Bit Axe
18:52 Gold Mining
20:28 Bow Saw
21:34 Bodkin Arrow
22:43 Gillnets
22:44 Light Cavalry
26:43 Husbandry
26:56 Bloodlines
26:26 Pikeman
27:42 Scale Mail Armor
29:26 Squires
31:14 Gold Shaft Mining
44:29 Devotion
48:03 Imperial Age
49:46 Scale Barding Armor
52:28 Forging
52:24 Horse Collar
54:29 Iron Casting
53:41 Arson
54:03 Hamask
55:36 Conscription
58:14 Elite Jomsviking
60:26 Heavy Plow
61:29 Blast Furnace
62:27 Town Watch
64:12 Murder Holes
64:40 Ballistics
66:20 Wheelbarrow
73:11 Chemistry
74:33 Chain Mail Armor
77:45 Padded Archer Armor
78:17 Plate Mail Armor
77:59 Masonry
77:57 Siege Engineers
80:59 Hand Cart
Teufelchen
5:38 Loom
14:43 Feudal Age
15:25 Double-Bit Axe
21:29 Castle Age
20:27 Forging
22:51 Wheelbarrow
22:46 Bow Saw
23:28 Iron Casting
22:58 Scale Barding Armor
24:51 Light Cavalry
26:13 Medium Warships
26:01 Fishing Lines
26:55 Pikeman
28:12 Scale Mail Armor
35:00 Careening
35:04 Clinker Construction
41:38 Bloodlines
43:39 Horse Collar
47:11 Hand Cart
47:12 Elite Skirmisher
47:44 Fletching
47:55 Padded Archer Armor
49:14 Bodkin Arrow
49:34 Leather Archer Armor
51:15 Ballistics
55:23 Imperial Age
56:06 Bracer
57:08 Chemistry
57:28 Conscription
58:05 Ring Archer Armor
58:06 Hussar
58:47 Husbandry
59:35 Heavy Plow
59:38 Gillnets
62:10 Chain Barding Armor
62:26 Heavy Camel Rider
67:29 Blast Furnace
69:22 Chain Mail Armor
71:13 Squires
70:43 Elite Genitour
72:36 Plate Barding Armor
73:37 Thumb Ring
76:41 Plate Mail Armor
76:28 Arson
76:04 Man-at-Arms
76:07 Crossbowman
76:57 Kasbah
79:27 Masonry
79:23 Siege Engineers
78:59 Treadmill Crane
79:15 Murder Holes
80:29 Devotion
Zé Gui
11:21 Loom
15:27 Feudal Age
19:16 Castle Age
17:47 Double-Bit Axe
17:59 Gold Mining
18:25 Scale Barding Armor
21:01 Chain Barding Armor
22:42 Forging
25:01 Iron Casting
28:12 Husbandry
29:17 Scale Mail Armor
29:40 Fletching
31:35 Bodkin Arrow
juanag86
4:33 Loom
13:59 Feudal Age
18:20 Castle Age
16:16 Double-Bit Axe
19:07 Town Watch
19:58 Wheelbarrow
19:57 Fletching
22:19 Bodkin Arrow
23:22 Medium Warships
27:29 Bow Saw
29:22 Horse Collar
33:23 Imperial Age
33:01 Ballistics
32:55 Clinker Construction
35:33 Conscription
36:34 Stone Mining
36:34 Gold Mining
37:02 Hand Cart
38:30 Hoardings
38:41 Bracer
38:42 Padded Archer Armor
39:16 Heavy Plow
41:03 Chemistry
41:28 Two-Man Saw
40:51 Leather Archer Armor
41:15 Bloodlines
41:06 Husbandry
42:03 Light Cavalry
43:08 Hussar
45:41 Scale Barding Armor
45:46 Forging
48:15 Chain Barding Armor
48:30 Iron Casting
48:26 Ring Archer Armor
50:49 Elite Genoese Crossbowman
53:56 Plate Barding Armor
54:22 Blast Furnace
elmariscal
6:12 Loom
11:46 Double-Bit Axe
16:21 Feudal Age
21:11 Castle Age
19:27 Scale Barding Armor
19:33 Forging
20:42 Fishing Lines
21:59 Husbandry
21:24 Cavalier
31:39 Iron Casting
31:43 Horse Collar
34:16 Wheelbarrow
34:01 Town Watch
39:16 Imperial Age
47:20 Heavy Plow
47:54 Paladin
51:10 Chain Barding Armor
52:00 Pikeman
53:08 Squires
54:32 Crop Rotation
56:21 Halberdier
59:30 Hand Cart
66:25 Plate Barding Armor
68:01 Blast Furnace
66:52 Light Cavalry
69:32 Chemistry
68:29 Gold Mining
69:37 Hussar
70:28 Man-at-Arms
71:10 Scale Mail Armor
73:31 Chain Mail Armor
74:21 Gold Shaft Mining
73:32 Long Swordsman
73:48 Long Swordsman
74:18 Long Swordsman
75:02 Two-Handed Swordsman
76:27 Champion
78:33 Plate Mail Armor
[IMGG]Poncho
7:12 Loom
13:44 Feudal Age
18:00 Castle Age
15:48 Double-Bit Axe
16:24 Gold Mining
17:06 Town Watch
19:05 Bow Saw
19:41 Redemption
27:46 Sanctity
29:14 Fervor
31:17 Horse Collar
35:12 Husbandry
37:11 Wheelbarrow
39:43 Imperial Age
38:50 Heavy Plow
42:13 Two-Man Saw
41:15 Fletching
42:28 Chemistry
42:25 Bodkin Arrow
43:03 Padded Archer Armor
43:17 Bloodlines
45:32 Conscription
45:54 Bracer
46:15 Ballistics
46:47 Leather Archer Armor
48:58 Crop Rotation
49:35 Block Printing
51:09 Scale Mail Armor
50:33 Pikeman
51:14 Squires
52:48 Ring Archer Armor
53:49 Masonry
61:41 Architecture
71:55 Hand Cart
73:08 Stone Mining
Connection lost

Rejoining the realm…

Still unreachable

The connection could not be restored.

Session expired

The server has moved on; the page needs a fresh start.